 Dungeon Crawl Stone Soup version 0.27-a0-1513-g2aaa0cc67b (webtiles) character file.

Game seed: 10762532810742223747

1 blackman the Ducker (level 1, 0/18 HPs)
             Began as a Human Monk on July 9, 2021.
             Slain by a bat (1 damage)
             ... on level 1 of the Dungeon.
             The game lasted 00:00:15 (46 turns).

blackman the Ducker (Human Monk)                      Turns: 46, Time: 00:00:16

Health: 0/18       AC:  2    Str: 11    XL:     1   Next: 22%
Magic:  1/1        EV: 13    Int: 10    God:
Gold:   0          SH:  0    Dex: 15    Spells: 0/0 levels left

rFire    . . .     SeeInvis .   a - +0 hand axe
rCold    . . .     Faith    .   (no shield)
rNeg     . . .     Spirit   .   b - +0 robe
rPois    .         Reflect  .   (no helmet)
rElec    .         Harm     .   (no cloak)
rCorr    .         Rampage  .   (no gloves)
Will     .....                  (no boots)
Stlth    ++........             (no amulet)
HPRegen  0.06/turn              (no ring)
MPRegen  0.07/turn              (no ring)

@: no status effects
A: no striking features
a: no special abilities


You were on level 1 of the Dungeon.
You visited 1 branch of the dungeon, and saw 1 of its levels.

Inventory:

Hand Weapons
 a - a +0 hand axe (weapon)
Armour
 b - a +0 robe (worn)


   Skills:
 + Level 3.0 Fighting
 + Level 3.0 Axes
 + Level 0.1 Armour
 - Level 3.0 Dodging
 - Level 2.0 Stealth


You couldn't memorise any spells.
You didn't know any spells.
Your spell library was empty.

Dungeon Overview and Level Annotations

Branches:
Dungeon (1/15)

Altars:


Message History

The jackal barks! x3
The bat closely misses you. The jackal bites you.
The jackal barks!
You hit the jackal but do no damage. You hit the bat but do no damage.
The bat barely misses you. The bat misses you.
The jackal bites you but does no damage.
The jackal closely misses you.
You hit the jackal.
The jackal is moderately wounded.
You closely miss the bat. You hit the jackal. You miss the jackal.
The bat hits you.
The jackal bites you. x3; The jackal completely misses you.
The jackal closely misses you. x2
You hit the jackal.
You kill the jackal!
You barely miss the bat. You barely miss the jackal.
You hit the jackal but do no damage. The bat barely misses you.
The jackal bites you. The jackal closely misses you.
You closely miss the jackal.
The jackal is moderately wounded.
You closely miss the jackal. x2; You closely miss the bat.
The bat barely misses you. The jackal bites you.
The jackal barely misses you. x2
The jackal bites you. x2
* * * LOW HITPOINT WARNING * * *
The jackal misses you.
You are too injured to fight recklessly!
Unknown command.
The bat completely misses you. The jackal closely misses you.
The jackal bites you.
* * * LOW HITPOINT WARNING * * *
The jackal bites you.
* * * LOW HITPOINT WARNING * * *
The bat hits you.
* * * LOW HITPOINT WARNING * * *
The jackal bites you but does no damage.
Unknown command.
You are too injured to fight recklessly!
You are too injured to fight recklessly!
The bat misses you. The bat hits you.
You die...

♣♣♣♣♣ ####
♣♣♣...#######.<##
#####♣♣♣♣..........#....#
.........hh........#....#
..........h.@.### ##..##
#...........b.......##'#
...............P....#..#
♣.......#..#..P.....#..#
♣.......#..#.P...P..#..#
♣♣......#..#..P.P.P.#..#
♣♣.....#..#.P.P....#(.#
♣♣♣...#..#..P.P...#..#
♣♣..#'## #'##


You could see 3 jackals and a bat.

Vanquished Creatures
  A jackal (D:1)
1 creature vanquished.

Notes
Turn   | Place    | Note
-------+----------+-------------------------------------------
     0 | D:1      | blackman the Human Monk began the quest for the Orb.
     0 | D:1      | Reached XP level 1. HP: 18/18 MP: 1/1
    46 | D:1      | Slain by a bat

Illustrated notes

Levels and vault maps discovered:
D:1:      sevenhm_arrival_forest_fort_large_4, layout_loops_cross,
          minmay_lizard_pond

Action                   || total
-------------------------++-------
Melee: Hand axe          ||     4
Armor: Robe              ||     2
Dodge: Dodged            ||    16

Table legend: (Time is in decaauts)
 A = Elapsed time spent in this place.
 B = Non-inter-level travel time spent in this place.
 C = Inter-level travel time spent in this place.
 D = Time resting spent in this place.
 E = Time spent auto-exploring this place.
 F = Levels seen in this place.
 G = Mean time per level.
                   A        B        C        D        E       F      G
               +--------+--------+--------+--------+--------+-----+--------+
         Total |     46 |     46 |      0 |      0 |     35 |   1 |   46.0 |
       Dungeon |     46 |     46 |      0 |      0 |     35 |   1 |   46.0 |
               +--------+--------+--------+--------+--------+-----+--------+

Top non-repeatable levels by time:
     D:1: 46 daAuts
